 Dungeon Crawl Stone Soup version 0.28-a0-1080-g05a166d0ed (webtiles) character file.

Game seed: 5567596557940474077

170 ragingrage the Cudgeller (level 5, 0/30 HPs)
             Began as a Gargoyle Warper on Dec 9, 2021.
             Shot with a bolt by a kobold (7 damage)
             ... on level 4 of the Dungeon.
             The game lasted 00:03:55 (4361 turns).

ragingrage the Cudgeller (Gargoyle Warper)          Turns: 4361, Time: 00:03:55

Health: 0/30       AC:  7    Str: 15    XL:     5   Next: 50%
Magic:  8/8        EV: 11    Int: 13    God:
Gold:   216        SH:  0    Dex: 11    Spells: 8/8 levels left

rFire   . . .      SeeInvis .   a - +0 mace
rCold   . . .      Faith    .   (no shield)
rNeg    + . .      Spirit   .   b - +0 leather armour
rPois   ∞          Reflect  .   (no helmet)
rElec   +          Harm     .   (no cloak)
rCorr   .          Rampage  .   (no gloves)
Will    .....                   (no boots)
Stlth   +.........              m - amulet of magic regeneration
HPRegen 0.10/turn               (no ring)
MPRegen 0.51/turn               (no ring)

@: no status effects
A: sickness immunity, AC +4, negative energy resistance 1, electricity
resistance, torment resistance 1, petrification resistance
a: no special abilities


You were on level 4 of the Dungeon.
You visited 1 branch of the dungeon, and saw 4 of its levels.

You collected 216 gold pieces.

Inventory:

Hand Weapons
 a - a +0 mace (weapon)
Missiles
 d - 3 boomerangs of dispersal (quivered)
Armour
 b - a +0 leather armour (worn)
Jewellery
 m - an amulet of magic regeneration (around neck)
Scrolls
 c - a scroll of blinking
 e - a scroll of enchant weapon {unknown}
 g - a scroll of teleportation {unknown}
 h - a scroll of fog {unknown}
 j - a scroll of amnesia {unknown}
 l - a scroll of fear {unknown}
 r - a scroll of identify
Potions
 f - a potion of berserk rage {unknown}
 i - a potion of magic {unknown}
 k - 2 potions of flight
 n - a potion of heal wounds {unknown}


   Skills:
 - Level 2.1 Fighting
 + Level 5.5 Maces & Flails
 - Level 0.8 Throwing
 - Level 1.1 Armour
 - Level 1.5 Dodging
 - Level 2.0 Spellcasting
 - Level 2.6 Translocations


You had 8 spell levels left.
You didn't know any spells.
Your spell library contained the following spells:

 Spells                   Type           Power      Damage    Failure   Level
 Apportation              Tloc           16%        N/A       11%         1
 Blink                    Tloc           16%        N/A       16%         2
 Animate Skeleton         Necr           2%         N/A       30%         1
 Summon Small Mammal      Summ           4%         N/A       30%         1
 Gell's Gravitas          Tloc           8%         N/A       30%         3
 Lesser Beckoning         Tloc           8%         N/A       30%         3
 Teleport Other           Tloc           8%         N/A       30%         3
 Manifold Assault         Tloc           8%         N/A       96%         5


Dungeon Overview and Level Annotations

Branches:
Dungeon (4/15)
 Temple: D:4-7

Altars:
Qazlal


Innate Abilities, Weirdness & Mutations

You are immune to sickness and miasma.
Your stone body is resilient. (AC +4)
You are immune to poison.
You resist negative energy. (rN+)
You are resistant to electric shocks. (rElec)
You are resistant to unholy torment.
You are immune to petrification.


Message History

The kobold shouts!
You sock the hobgoblin!
You kill the hobgoblin!
The kobold unwields a +0 club.
The kobold wields a +0 hand crossbow.
The kobold shoots a bolt.
The bolt hits you!
The kobold throws a stone.
The stone barely misses you.
The kobold throws a stone.
The stone misses you.
You see here a hobgoblin corpse.
The kobold throws a stone.
The stone hits you.
The kobold throws a stone.
The stone hits you but does no damage. 2 orc wizards come into view.
The orc wizard shouts!
The kobold hits you but does no damage.
An orc comes into view. It is wielding a +0 club.
The orc wizard points at you and mumbles some strange words.
You resist with some effort.
The orc wizard moves out of view.
The orc shouts!
You barely miss the kobold.
You hear a shout!
The kobold hits you with a +2 dagger of venom.
You closely miss the kobold.
An orc priest comes into view. It is wielding a +0 flail.
The kobold barely misses you.
You hit the kobold but do no damage. The kobold closely misses you.
The kobold shoots a bolt.
The bolt hits you.
You are too injured to fight recklessly!
You are too injured to fight recklessly!
You are too injured to fight recklessly!
The kobold throws a stone.
The stone closely misses you.
The kobold shoots a bolt.
The bolt hits you.
The kobold shoots a bolt.
The bolt hits you.
The kobold throws a stone.
The stone hits you but does no damage.
The kobold unwields a +0 hand crossbow.
The kobold wields a +0 club.
The kobold hits you with a +0 club.
* * * LOW HITPOINT WARNING * * *
You see here a hobgoblin corpse.
The kobold closely misses you.
The kobold unwields a +0 club.
The kobold wields a +0 hand crossbow.
The kobold shoots a bolt.
The bolt hits you!
You die...

#.....##########
#...#.# #####.# #.#
#.# #.# #.# .#. #.#
#
.....#######@##....
#.o..oK†.......#
.....o..###K..#.....
.#.#.#..# ......####
.......##...#.#
oo####.#. ...##... .
#. .....# ### #.
.#.?.# #. .....#


You could see 2 orc wizards, an orc and 2 kobolds.

Vanquished Creatures
  7 gnolls
  4 adders
  2 worms (D:2)
  2 dart slugs (D:3)
  3 endoplasms
  4 giant cockroaches
  10 goblins
  6 hobgoblins
  2 quokkas
  6 ball pythons
  3 bats
  4 frilled lizards
  A kobold (D:1)
  9 rats
63 creatures vanquished.

Vanquished Creatures (others)
  A fungus (D:2)
  3 plants (D:1)
  3 toadstools (D:2)
7 creatures vanquished.

Grand Total: 70 creatures vanquished

Notes
Turn   | Place    | Note
-------+----------+-------------------------------------------
     0 | D:1      | ragingrage the Gargoyle Warper began the quest for the Orb.
     0 | D:1      | Reached XP level 1. HP: 12/12 MP: 3/3
   549 | D:1      | Reached XP level 2. HP: 17/17 MP: 5/5
   762 | D:1      | Reached skill level 3 in Maces & Flails
  1253 | D:1      | Reached XP level 3. HP: 19/21 MP: 6/6
  1748 | D:2      | Found a stormy altar of Qazlal.
  2093 | D:2      | Reached skill level 4 in Maces & Flails
  2176 | D:2      | Reached XP level 4. HP: 24/26 MP: 7/7
  2252 | D:2      | Found a faded altar of an unknown god.
  3351 | D:2      | Reached skill level 5 in Maces & Flails
  3351 | D:2      | Reached XP level 5. HP: 22/30 MP: 8/8
  4361 | D:4      | Shot with a bolt by a kobold

Illustrated notes

Levels and vault maps discovered:
D:1:      amcnicky_arrival_flooded_fountain, layout_loops_corners,
          serial_bayou_lagoon_b
D:2:      minmay_chambers_of_twos, layout_basic, basic_altar,
          chequers_ecumenical_altar_island, minmay_gold_behind_fungi
D:3:      layout_rooms, grunt_ministairs_3
D:4:      layout_loops_corners, hangedman_decor_riveting, uniq_edmund,
          uniq_eustachio

Skill      XL: |  1  2  3  4 |
---------------+-------------+-----
Maces & Flails | 3 4 5 |  5.5
Fighting       | |  2.1
Throwing       | |  0.8
Armour         | |  1.1
Dodging        | |  1.5
Spellcasting   | |  2.0
Translocations | |  2.6

Action                   |  1- 3 |  4- 6 || total
-------------------------+-------+-------++-------
Melee: Mace              |   129 |    94 ||   223
Throw: Boomerang         |       |    32 ||    32
  Use: Scroll            |       |     1 ||     1
Armor: Leather armour    |    52 |    33 ||    85
Dodge: Dodged            |    89 |    70 ||   159

Table legend: (Time is in decaauts)
 A = Elapsed time spent in this place.
 B = Non-inter-level travel time spent in this place.
 C = Inter-level travel time spent in this place.
 D = Time resting spent in this place.
 E = Time spent auto-exploring this place.
 F = Levels seen in this place.
 G = Mean time per level.
                   A        B        C        D        E       F      G
               +--------+--------+--------+--------+--------+-----+--------+
         Total |   4452 |   4300 |    152 |   1515 |   2051 |   4 | 1113.0 |
       Dungeon |   4452 |   4300 |    152 |   1515 |   2051 |   4 | 1113.0 |
               +--------+--------+--------+--------+--------+-----+--------+

Top non-repeatable levels by time:
     D:2: 1717 daAuts
     D:1: 1543 daAuts
     D:3: 1109 daAuts
     D:4: 82 daAuts
